 Dungeon Crawl Stone Soup version 0.28.0-47-ge53b351184 (webtiles) character file.

Game seed: 7744560328790211803

1652 pkoi the Frost Mage (level 8, -1/57 HPs)
             Began as a Demigod Ice Elementalist on May 1, 2022.
             Killed from afar by Maggie (19 damage)
             ... with a bolt of fire
             ... on level 6 of the Dungeon.
             The game lasted 00:11:20 (11803 turns).

pkoi the Frost Mage (Demigod Ice Elementalist)     Turns: 11803, Time: 00:11:21

Health: -1/57      AC: 15    Str:  9    XL:     8   Next: 40%
Magic:  6/13       EV: 12    Int: 31    God:
Gold:   271        SH:  0    Dex: 14    Spells: 3/10 levels left

rFire   . . .      SeeInvis .   v - +2 dagger (speed)
rCold   . . .      Faith    .   (no shield)
rNeg    . . .      Spirit   .   a - +0 robe
rPois   +          Reflect  .   s - +0 helmet
rElec   .          Harm     .   w - +0 cloak
rCorr   .          Rampage  .   j - +0 pair of gloves
Will    .....                   (no boots)
Stlth   ++........              (no amulet)
HPRegen 0.19/turn               g - +6 ring of intelligence
MPRegen 0.13/turn               B - ring of poison resistance

@: ice-armoured, freezing walls, mesmerised
A: high MP 1, forlorn, divine attributes
a: no special abilities


You were on level 6 of the Dungeon.
You visited 2 branches of the dungeon, and saw 7 of its levels.

You collected 271 gold pieces.

Inventory:

Hand Weapons
 d - a +1 dagger of speed
 e - a +0 whip
 r - a +0 hand crossbow of flaming
 v - a +2 dagger of speed (weapon)
Missiles
 b - 10 poisoned darts
 i - 5 atropa-tipped darts
 x - 71 arrows
Armour
 a - a +0 robe (worn)
 j - a +0 pair of gloves (worn)
 s - a +0 helmet (worn)
 w - a +0 cloak (worn)
Jewellery
 g - a +6 ring of intelligence (left hand)
 h - a +6 ring of dexterity
 t - a +4 ring of evasion
 A - a ring of willpower
 B - a ring of poison resistance (right hand)
Wands
 o - a wand of iceblast (12)
 C - a wand of flame (17)
Scrolls
 c - 5 scrolls of teleportation
 q - a scroll of silence
 y - 2 scrolls of identify
Potions
 f - a potion of brilliance {unknown}
 k - 2 potions of curing
 l - a potion of ambrosia
 m - a potion of invisibility
 n - a potion of might {unknown}
 p - 2 potions of heal wounds
 u - a potion of lignification {unknown}
 z - a potion of cancellation {unknown}


   Skills:
 - Level 1.7 Dodging
 - Level 1.7 Stealth
 - Level 1.7 Spellcasting
 + Level 10.8 Ice Magic


You had 3 spell levels left.
You knew the following spells:

 Your Spells              Type           Power      Damage    Failure   Level
a - Freeze                Ice            100%       1d11      1%          1
b - Frozen Ramparts       Ice            100%       1d12      1%          3
c - Ozocubu's Armour      Ice            63%        N/A       1%          3

Your spell library contained the following spells:

 Spells                   Type           Power      Damage    Failure   Level
 Call Canine Familiar     Summ           2%         N/A       22%         3
 Portal Projectile        Hex/Tloc       4%         N/A       22%         3
 Hailstorm                Conj/Ice       36%        3d9       9%          4
 Leda's Liquefaction      Hex/Erth       1%         N/A       58%         4


Dungeon Overview and Level Annotations

Branches:
Dungeon (6/15)             Temple (1/1) D:5

Annotations:
D:6 3 runed translucent doors, Maggie


Innate Abilities, Weirdness & Mutations

You have an increased reservoir of magic. (+10% MP)
You shall have no god before yourself.
Your divine heritage dramatically boosts your attributes as you level up.


Message History

You hit the centaur zombie.
You destroy the centaur zombie!
Your icy armour cracks and falls away as you move.
You start resting.
HP restored.
You start resting.
Magic restored.
The white imp shouts, "Turn tail, thou craven unchin-snouted wagtail!"
The white imp shouts, "Embrace thy fall, thou dissembling ill-breeding fleecer!"
Maggie the Vainglorious comes into view.
She is wielding a +0 morningstar.
Maggie is nearby!
Maggie shouts!
Maggie casts a spell.
Maggie attempts to bespell you!
You are mesmerised by Maggie!
Maggie hits you with a +0 morningstar!
* * * LOW HITPOINT WARNING * * *
Casting: Ozocubu's Armour (safe; 1% risk of failure)
Confirm with . or Enter, or press ? or * to list all spells.
Casting: Frozen Ramparts (safe; 1% risk of failure)
Press: ? - help, Dir - look around, f - activate The walls around you are covered in ice.
The wall freezes Maggie.
Maggie hits you with a +0 morningstar.
* * * LOW HITPOINT WARNING * * *
Casting: Frozen Ramparts (safe; 1% risk of failure)
Confirm with . or Enter, or press ? or * to list all spells.
A film of ice covers your body!
The wall freezes Maggie!
Maggie gestures at you while chanting. The bolt of fire hits you!!
* * * LOW HITPOINT WARNING * * *
The heat melts your icy armour.
Aiming: Freeze (safe; 1% risk of failure)
Press: ? - help, Q - select action, (/) - cycle Shift-Dir - straight line, f - Maggie
Aim: Maggie, wielding a +0 morningstar and wearing +0 steam dragon scales (lightly wounded, mesmerising)
You freeze Maggie!
Maggie is moderately wounded.
The wall freezes Maggie!
Maggie casts a spell at you. The bolt of fire hits you!!
You die...

..# #.# #.# .#.#
.#.## ############
... ##.....#....###
#.# #..###........##
##.## #@##
#####.....## #.#.##
#..@.# ..5..###....#
.###.##
#...##..5.....##...##
## ##.###
###.#...###....##....
# ##..### #.#..Y
#....#..## ##
##.#...# #.##.Z
#.[..#..# .###..(.#.#
#. #. ##...+..#
..#...#<..#####.
#...+..#
#..##.#.........##
#...+..#


You could see Maggie (mesmerising).

Vanquished Creatures
  Sigmund (D:2)
  A water moccasin (D:5)
  A black bear (D:5)
  3 ogres
  A bullfrog (D:3)
  4 scorpions
  A water moccasin zombie (D:5)
  5 killer bees (D:6)
  A bullfrog zombie (D:6)
  A bullfrog skeleton (D:4)
  2 hounds (D:5)
  A centaur zombie (D:6)
  An orc priest (D:5)
  Crazy Yiuf (D:2)
  Jessica (D:2)
  3 iguanas
  3 gnolls (D:5)
  5 adders
  A shadow imp (D:5)
  A white imp (D:5)
  An ufetubus (D:6)
  2 adder skeletons (D:4)
  3 worms
  3 dart slugs
  2 orcs
  3 bats
  4 endoplasms
  3 giant cockroaches
  8 goblins
  10 hobgoblins
  2 jackals (D:1)
  4 kobolds
  2 quokkas
  5 ball pythons
  2 frilled lizards
  6 rats
98 creatures vanquished.

Notes
Turn   | Place    | Note
-------+----------+-------------------------------------------
     0 | D:1      | pkoi the Demigod Ice Elementalist began the quest for the
                  | Orb.
     0 | D:1      | Reached XP level 1. HP: 14/14 MP: 5/5
   548 | D:1      | Reached skill level 4 in Ice Magic
   785 | D:1      | Reached XP level 2. HP: 20/20 MP: 4/7
  1975 | D:2      | Noticed Sigmund
  2087 | D:2      | Reached XP level 3. HP: 24/26 MP: 5/8
  2095 | D:1      | Learned a level 3 spell: Frozen Ramparts
  2611 | D:3      | Noticed a bullfrog
  2617 | D:3      | Killed a bullfrog
  2618 | D:3      | Reached skill level 5 in Ice Magic
  2618 | D:3      | Reached XP level 4. HP: 23/33 MP: 2/9
  3548 | D:4      | Reached skill level 6 in Ice Magic
  3548 | D:4      | Reached XP level 5. HP: 26/38 MP: 5/10
  3894 | D:4      | Noticed an ogre
  3908 | D:4      | Killed an ogre
  3909 | D:4      | Reached skill level 7 in Ice Magic
  3909 | D:4      | Reached XP level 6. HP: 20/45 MP: 5/11
  3914 | D:4      | Identified the +1 leather armour "Yluhamiv" {-Tele Will++
                  | Str+5}
  5209 | D:4      | Learned a level 3 spell: Ozocubu's Armour
  6256 | D:5      | Entered Level 5 of the Dungeon
  6506 | D:5      | Reached skill level 8 in Ice Magic
  6700 | D:5      | Reached XP level 7. HP: 15/50 MP: 6/12
  7360 | D:2      | Noticed Jessica
  7366 | D:2      | Killed Jessica
  8499 | D:2      | Killed Sigmund
  8556 | D:2      | Found a runed translucent door.
  8557 | D:2      | Noticed Crazy Yiuf
  8563 | D:2      | Killed Crazy Yiuf
  8564 | D:2      | Reached skill level 9 in Ice Magic
  9441 | D:5      | Found a staircase to the Ecumenical Temple.
  9933 | Temple   | Entered the Ecumenical Temple
 10569 | D:5      | Reached skill level 10 in Ice Magic
 10569 | D:5      | Reached XP level 8. HP: 53/57 MP: 6/13
 11730 | D:6      | Found a runed translucent gate.
 11730 | D:6      | Found a runed translucent gate.
 11730 | D:6      | Found a runed translucent gate.
 11797 | D:6      | Noticed Maggie
 11803 | D:6      | Killed from afar by Maggie

Illustrated notes

Levels and vault maps discovered:
D:1:      dpeg_arrival_simpleton_a, layout_loops_ring, serial_bayou_crossing
D:2:      layout_rooms, chequers_ecumenical_altar_island,
          uniq_crazy_yiuf_cottage, uniq_sigmund, uniq_jessica
D:3:      minmay_angry_zag, layout_loops_ring, nicolae_underground_beach
D:4:      layout_layer_cave, chequers_serial_rivers_small_3,
          roderic_serpentine_path
D:5:      minmay_recursive_quarters, layout_basic, grunt_gozag_breadcrumbs,
          minmay_temple_entry_water_ring
D:6:      layout_loops_ring, gammafunk_ghost_icy, uniq_maggie
Temple:   regret_index_temple_sphere_string

Skill      XL: |  1  2  3  4  5  6  7 |
---------------+----------------------+-----
Ice Magic      | 4 5 6 7 8 10 | 10.8
Dodging        | |  1.7
Stealth        | |  1.7
Spellcasting   | |  1.7

Action                   |  1- 3 |  4- 6 |  7- 9 || total
-------------------------+-------+-------+-------++-------
Melee: Whip              |     2 |     2 |       ||     4
       Unarmed           |     1 |       |       ||     1
       Dagger            |       |    60 |   108 ||   168
       Punch             |       |     1 |     1 ||     2
Throw: Dart              |       |     2 |       ||     2
 Cast: Freeze            |    55 |    43 |    25 ||   123
       Frozen Ramparts   |     1 |     9 |    21 ||    31
       Ozocubu's Armour  |       |     1 |     3 ||     4
  Use: Scroll            |       |     9 |       ||     9
 Stab: Sleeping          |       |     2 |     5 ||     7
Armor: Robe              |    11 |    14 |    35 ||    60
Dodge: Dodged            |    25 |    37 |    77 ||   139
